[Event "Titled Tuesday Blitz January 17 Late 2023"]
[White "Weisz, Bryan"]
[Black "Marcolino, Daniel Mattos"]
[WhiteFideId "30934133"]
[BlackFideId "2106841"]
[WhiteElo "1973"]
[BlackElo "2006"]
[Result "0-1"]
[Round "10"]
[TimeControl "180+2"]
[Date "2023.01.17"]
[WhiteClock "0:00:17"]
[BlackClock "0:00:08"]

1. e4 c5 2. Nf3 Nc6 3. Bc4 e6 4. O-O a6 5. d4 cxd4 6. Nxd4 Qc7 7. Bb3 Nf6 8. Nc3 Nxd4 9. Qxd4 Bc5 10. Qd3 O-O 11. Bg5 Ng4 12. Qh3 Nxf2 13. Rxf2 Bxf2+ 14. Kxf2 f5 15. exf5 Qc5+ 16. Be3 Rxf5+ 17. Ke2 Qf8 18. Ne4 d5 19. Ng3 Rf7 20. Bd4 e5 21. Qh4 exd4 22. Bxd5 Bd7 23. Qxd4 Kh8 24. Bxf7 Qxf7 25. Rf1 Bb5+ 26. Ke1 Bxf1 27. Nxf1 Qxa2 28. Ne3 h6 29. Nf5 Qe6+ 30. Ne3 Re8 31. Kf2 Qf6+ 32. Qxf6 gxf6 33. Nd5 Kg7 34. g4 Re5 35. Ne3 Kg6 36. h4 Rb5 37. b3 Rc5 38. c4 a5 39. Nd5 b5 40. Nf4+ Kf7 41. Nd3 Rc7 42. cxb5 Rc3 43. Ke3 Rxb3 44. Kd4 Rxb5 45. Nf4 Rb4+ 46. Ke3 Rxf4 47. Kxf4 a4 48. Ke3 Ke6 49. Kd2 Ke5 50. h5 Kf4 51. g5 Kxg5 0-1


[Site "https://www.chess.com"]

[Event "Titled Tuesday Blitz January 17 Late 2023"]
[White "Nakamura, Hikaru"]
[Black "Duda, Jan-Krzysztof"]
[WhiteFideId "2016192"]
[BlackFideId "1170546"]
[WhiteElo "2775"]
[BlackElo "2724"]
[Result "1-0"]
[Round "11"]
[TimeControl "180+2"]
[Date "2023.01.17"]
[WhiteClock "0:00:20"]
[BlackClock "0:00:02"]

1. e4 e5 2. Nf3 Nc6 3. Bb5 Nf6 4. d3 Bc5 5. Bxc6 dxc6 6. Nbd2 Nd7 7. O-O O-O 8. Nc4 f6 9. Kh1 Re8 10. Ne3 Nf8 11. Rg1 Bxe3 12. Bxe3 Bg4 13. h3 Bxf3 14. Qxf3 Ne6 15. Qe2 c5 16. a4 a5 17. b3 b6 18. Raf1 Qd6 19. Qd2 Rad8 20. f4 exf4 21. Bxf4 Nxf4 22. Rxf4 Re5 23. Rgf1 Qe6 24. Qf2 Kh8 25. Rf3 h6 26. Kg1 Rd7 27. Qh4 Kh7 28. Qf2 Qd6 29. Kh1 Qe6 30. Rf4 Rg5 31. Qe3 Re5 32. g4 Re7 33. Rf5 Qd6 34. Qf2 Kg8 35. Kg2 Kf7 36. Qg3 Ke8 37. R5f3 Kd7 38. Rf5 Kc6 39. h4 Kb7 40. R1f2 R7e6 41. Qf3 Ka7 42. Qe3 Qe7 43. Kf1 Qd7 44. Ke1 c4 45. bxc4 Qxa4 46. Kf1 Qb4 47. Kg2 Rxf5 48. gxf5 Re5 49. Qg3 Qe7 50. Kf3 Qd7 51. Rg2 Re7 52. Qf4 Qd4 53. Qe3 Qe5 54. d4 Qd6 55. c5 bxc5 56. dxc5 Qc6 57. Qd4 Re5 58. Kf4 Rxc5 59. Rxg7 a4 60. Rg1 Ka6 61. Qd3+ Qb5 62. Rg6 Qxd3 63. cxd3 a3 64. Rxf6+ Kb5 65. Rg6 Rc1 66. Rg2 Kb4 67. e5 Kb3 68. e6 Re1 69. d4 a2 70. Rxa2 Kxa2 71. d5 Kb3 72. f6 Kc4 73. f7 Kxd5 74. e7 Rxe7 75. f8=Q Re6 76. Qf7 Kd6 77. Kf5 Re5+ 78. Kg6 h5 79. Qf4 Ke6 80. Qc4+ Kd6 81. Kf6 Rd5 82. Qe4 c6 83. Qe7# 1-0


[Site "https://www.chess.com"]

[Event "Titled Tuesday Blitz January 17 Late 2023"]
[White "Sarana, Alexey"]
[Black "Artemiev, Vladislav"]
[WhiteFideId "24133795"]
[BlackFideId "24101605"]
[WhiteElo "2685"]
[BlackElo "2701"]
[Result "0-1"]
[Round "11"]
[TimeControl "180+2"]
[Date "2023.01.17"]
[WhiteClock "0:00:01"]
[BlackClock "0:00:02"]

1. d4 Nf6 2. c4 e6 3. Nc3 Bb4 4. e3 b6 5. Ne2 Ba6 6. Ng3 O-O 7. e4 Nc6 8. Bg5 h6 9. h4 e5 10. d5 Nd4 11. a3 Be7 12. Nf5 Nxf5 13. exf5 d6 14. Bxf6 Bxf6 15. Ne4 Bc8 16. Qf3 Bxh4 17. Bd3 Bg5 18. Rh5 g6 19. Nxg5 hxg5 20. Rh6 Kg7 21. f6+ Kxh6 22. g4 Kh7 23. Kd2 Rh8 0-1


[Site "https://www.chess.com"]

[Event "Titled Tuesday Blitz January 17 Late 2023"]
[White "Andreikin, Dmitry"]
[Black "Urazayev, Arystanbek"]
[WhiteFideId "4158814"]
[BlackFideId "13709810"]
[WhiteElo "2729"]
[BlackElo "2460"]
[Result "1-0"]
[Round "11"]
[TimeControl "180+2"]
[Date "2023.01.17"]
[WhiteClock "0:00:05"]
[BlackClock "0:00:04"]

1. Nf3 d5 2. d4 Nf6 3. c4 e6 4. g3 Bb4+ 5. Nbd2 O-O 6. Bg2 b6 7. O-O Bb7 8. Ne5 a5 9. a3 Be7 10. b3 c5 11. dxc5 Bxc5 12. Bb2 Nbd7 13. Nxd7 Qxd7 14. Bxf6 gxf6 15. cxd5 Bxd5 16. Ne4 Be7 17. Nc3 Rad8 18. Nxd5 exd5 19. Qd3 Qe6 20. Rfc1 Bc5 21. Bf3 Rfe8 22. Kg2 Qe5 23. Ra2 Qd4 24. Qxd4 Bxd4 25. b4 axb4 26. axb4 Be5 27. Rc6 Re6 28. Rac2 Rxc6 29. Rxc6 Rd6 30. Rc7 f5 31. Rb7 f4 32. g4 Bc3 33. b5 h6 34. h4 Bf6 35. Kh3 Bd4 36. g5 hxg5 37. hxg5 Rg6 38. Kg4 Bf6 39. Kf5 Bxg5 40. Bxd5 Kh8 41. Bxf7 Rg7 42. Rxb6 f3 43. exf3 Bd2 44. Bg6 Rc7 45. Rc6 Rb7 46. b6 Ba5 47. Kg5 Rxb6 48. Rc8+ Kg7 49. Rc7+ Kf8 50. Rc4 Bd2+ 51. f4 Rb5+ 52. Bf5 Rb6 53. Be4 Be1 54. f3 Bg3 55. f5 Be5 56. Bc6 Kf7 57. Bd5+ Kg7 58. Be6 Bf6+ 59. Kh5 Be5 60. Rg4+ Kf6 61. Rg6+ Ke7 62. Rh6 Rb2 63. Rh7+ Ke8 64. Rd7 Rg2 65. Rd5 Bf6 66. f4 Ke7 67. Rd7+ Ke8 68. Rf7 Bd8 69. Rb7 Bf6 70. Bf7+ Kf8 71. Bg6 Be7 72. Rb8+ Kg7 73. Rb7 Kf6 74. Rb6+ Kg7 75. Rc6 Bf6 76. Rc7+ Kg8 77. Rd7 Rh2+ 78. Kg4 Rg2+ 79. Kf3 Rb2 80. Bf7+ Kf8 81. Be6 Be7 82. f6 Bb4 83. Rd8# 1-0


[Site "https://www.chess.com"]

[Event "Titled Tuesday Blitz January 17 Late 2023"]
[White "Martinez Alcantara, Jose Eduardo"]
[Black "Dominguez Perez, Leinier"]
[WhiteFideId "3805662"]
[BlackFideId "3503240"]
[WhiteElo "2619"]
[BlackElo "2739"]
[Result "0-1"]
[Round "11"]
[TimeControl "180+2"]
[Date "2023.01.17"]
[WhiteClock "0:00:02"]
[BlackClock "0:00:06"]

1. Nf3 d5 2. g3 Nf6 3. c4 d4 4. Bg2 c5 5. O-O Nc6 6. e3 e6 7. exd4 cxd4 8. d3 h6 9. Bf4 Bd6 10. Bxd6 Qxd6 11. Re1 O-O 12. Na3 a6 13. Rc1 Qc5 14. Nc2 a5 15. a3 a4 16. Qd2 Bd7 17. Qf4 Rfe8 18. Ne5 Rad8 19. Nxc6 Bxc6 20. Qe5 Nd7 21. Qf4 e5 22. Qh4 Bxg2 23. Kxg2 Nf6 24. f3 Rc8 25. Nb4 Qd6 26. Qh3 Rc5 27. Rc2 b5 28. cxb5 Rxc2+ 29. Nxc2 Rb8 30. Nb4 Nd5 31. Nxd5 Qxd5 32. Rc1 Rxb5 33. Rc2 Rc5 34. Re2 Qb3 35. Qf5 g6 36. Qe4 Rc2 37. Kh3 Rxb2 38. Rxb2 Qxb2 39. Qa8+ Kg7 40. Qxa4 Qb1 41. Qe8 Qf1+ 42. Kh4 Qe2 43. h3 Qe3 44. Qe7 Qxd3 45. Qxe5+ Kh7 46. g4 Qxf3 47. Qxd4 g5+ 48. Kh5 Qxh3# 0-1


[Site "https://www.chess.com"]

[Event "Titled Tuesday Blitz January 17 Late 2023"]
[White "Bernadskiy, Vitaliy"]
[Black "Paravyan, David"]
[WhiteFideId "14100371"]
[BlackFideId "4194985"]
[WhiteElo "2592"]
[BlackElo "2601"]
[Result "0-1"]
[Round "11"]
[TimeControl "180+2"]
[Date "2023.01.17"]
[WhiteClock "0:00:04"]
[BlackClock "0:00:03"]

1. e4 e5 2. Nf3 Nf6 3. Nxe5 d6 4. Nf3 Nxe4 5. d4 d5 6. Bd3 Bd6 7. O-O O-O 8. c4 c6 9. Re1 Bf5 10. Qb3 Qd7 11. c5 Bc7 12. g3 Ba5 13. Ne5 Qe6 14. Rxe4 dxe4 15. Bc4 Qe7 16. Bf4 b5 17. cxb6 Bxb6 18. d5 Bc7 19. Qb7 e3 20. fxe3 g5 21. Qxa8 gxf4 22. exf4 Bxe5 23. fxe5 Qc5+ 24. Kg2 Qxc4 25. Nc3 Qb4 26. Rf1 Qxb2+ 27. Rf2 Bh3+ 28. Kxh3 Qxf2 29. dxc6 Qf5+ 30. Kg2 Qc2+ 0-1


[Site "https://www.chess.com"]

[Event "Titled Tuesday Blitz January 17 Late 2023"]
[White "Ibarra Jerez, Jose Carlos"]
[Black "Sadhwani, Raunak"]
[WhiteFideId "2226332"]
[BlackFideId "35093487"]
[WhiteElo "2563"]
[BlackElo "2627"]
[Result "1/2-1/2"]
[Round "11"]
[TimeControl "180+2"]
[Date "2023.01.17"]
[WhiteClock "0:00:18"]
[BlackClock "0:00:13"]

1. e4 g6 2. d4 Bg7 3. Nf3 d6 4. Bc4 Nf6 5. Qe2 Nc6 6. e5 dxe5 7. dxe5 Ng4 8. e6 Bxe6 9. Bxe6 fxe6 10. Qxe6 Nge5 11. Nxe5 Nxe5 12. O-O Qd7 13. Qxd7+ Kxd7 14. Nd2 Kc6 15. Ne4 Rad8 16. Bg5 Rd7 17. Rad1 Rhd8 18. Rxd7 Rxd7 19. Re1 a5 20. Kf1 a4 21. Ke2 Nc4 22. b3 Nd6 23. Nxd6 cxd6 24. Kd3 e5 25. c4 b5 26. Rc1 axb3 27. axb3 bxc4+ 28. bxc4 d5 29. cxd5+ Kxd5 30. f3 Ra7 31. Rc2 Ra3+ 32. Ke2 e4 33. fxe4+ Kxe4 34. Rc4+ Kf5 35. Be3 Be5 36. h3 h5 37. Kf3 Bd6 38. g4+ hxg4+ 39. hxg4+ Ke6 40. Ke4 Ra6 41. Bf4 Be7 42. Be3 Bd6 43. Bf4 Be7 44. Be3 Bd6 1/2-1/2


[Site "https://www.chess.com"]

[Event "Titled Tuesday Blitz January 17 Late 2023"]
[White "Pakleza, Zbigniew"]
[Black "Oparin, Grigoriy"]
[WhiteFideId "1119290"]
[BlackFideId "24125890"]
[WhiteElo "2494"]
[BlackElo "2667"]
[Result "1-0"]
[Round "11"]
[TimeControl "180+2"]
[Date "2023.01.17"]
[WhiteClock "0:00:07"]
[BlackClock "0:00:23"]

1. d4 Nf6 2. Nf3 d5 3. Bf4 e6 4. e3 c5 5. c3 Nc6 6. Nbd2 cxd4 7. cxd4 Nh5 8. Be5 f6 9. Bg3 g6 10. Bh4 Be7 11. Be2 O-O 12. O-O Ng7 13. Rc1 Nf5 14. Bg3 Bd7 15. Nb3 Nxg3 16. hxg3 b6 17. a3 Rc8 18. Nfd2 Nb8 19. Bd3 Kg7 20. Qe2 Rxc1 21. Rxc1 Be8 22. e4 dxe4 23. Qxe4 Bf7 24. Qb7 a5 25. Nf3 Bd6 26. Nbd2 Re8 27. Nc4 e5 28. dxe5 fxe5 29. Nxd6 Qxd6 30. Rc7 Rf8 31. Bc4 e4 32. Rxf7+ Rxf7 33. Qxf7+ Kh6 34. Nh4 Nc6 35. Qf4+ Qxf4 36. gxf4 Nd4 37. g3 g5 38. fxg5+ Kxg5 39. Kf1 Kf6 40. Ng2 Nf3 41. Ke2 Ke5 42. Ke3 Nd4 43. Nf4 Nf5+ 44. Ke2 e3 45. Bd3 Nd4+ 46. Kxe3 Nc6 47. Bxh7 b5 48. Be4 Nd8 49. Bd3 b4 50. axb4 axb4 51. Be2 Nf7 52. Nd3+ Kd5 53. Nxb4+ Kc5 54. Nd3+ Kd5 55. f4 Nd6 56. Bf3+ Kc4 57. g4 Kb3 58. f5 Nc4+ 59. Kd4 Nd2 60. Bd5+ Kc2 61. f6 Kb1 62. f7 Ka1 63. f8=Q Kb1 64. g5 1-0


[Site "https://www.chess.com"]

[Event "Titled Tuesday Blitz January 17 Late 2023"]
[White "Bortnyk, Mykola"]
[Black "Borges Feria, Yasel"]
[WhiteFideId "14120836"]
[BlackFideId "3504921"]
[WhiteElo "2425"]
[BlackElo "2439"]
[Result "1-0"]
[Round "11"]
[TimeControl "180+2"]
[Date "2023.01.17"]
[WhiteClock "0:00:11"]
[BlackClock "0:00:07"]

1. e4 e5 2. Nf3 Nc6 3. Bb5 a6 4. Ba4 Nf6 5. Qe2 b5 6. Bb3 Be7 7. O-O d6 8. a4 Rb8 9. axb5 axb5 10. h3 O-O 11. Rd1 Be6 12. Bxe6 fxe6 13. c3 Ra8 14. Na3 b4 15. cxb4 Nxb4 16. d4 exd4 17. Nxd4 Qd7 18. e5 Nfd5 19. exd6 Bxd6 20. Qxe6+ Qxe6 21. Nxe6 Rfe8 22. Nd4 Re4 23. Nf5 Rae8 24. Bd2 Bf4 25. Bxb4 Nxb4 26. g3 Be5 27. Rab1 g6 28. Nh6+ Kg7 29. Ng4 Bd6 30. Nb5 Bc5 31. Rd7+ R8e7 32. Rbd1 Re1+ 33. Rxe1 Rxd7 34. Kg2 h5 35. Ne5 Rd2 36. Rf1 Rxb2 37. Nxc7 Kh6 38. Ne6 Ba7 39. g4 Re2 40. g5+ Kh7 41. Nf8+ Kg7 42. Nfxg6 Bd4 43. Kf3 Rxe5 44. Nxe5 Bxe5 45. Ke4 Bd6 46. f4 h4 47. f5 Bc5 48. Rc1 Na6 49. Rc4 Kf7 50. Kf4 Ke7 51. Kg4 Kd6 52. Kxh4 Nc7 53. Kh5 Nd5 54. f6 Be3 55. Kg6 Nf4+ 56. Rxf4 Bxf4 57. h4 Ke6 58. h5 Be5 59. h6 Bd4 60. h7 Bxf6 61. gxf6 1-0


[Site "https://www.chess.com"]

[Event "Titled Tuesday Blitz January 17 Late 2023"]
[White "Kamsky, Gata"]
[Black "Bjelobrk, Igor"]
[WhiteFideId "2000024"]
[BlackFideId "4300726"]
[WhiteElo "2665"]
[BlackElo "2403"]
[Result "1-0"]
[Round "11"]
[TimeControl "180+2"]
[Date "2023.01.17"]
[WhiteClock "0:01:16"]
[BlackClock "0:00:16"]

1. e4 c5 2. Nf3 e6 3. d4 cxd4 4. Nxd4 Nf6 5. Nc3 Nc6 6. Ndb5 Bb4 7. a3 Bxc3+ 8. Nxc3 d5 9. exd5 exd5 10. Bd3 O-O 11. O-O Bg4 12. Qd2 Re8 13. Qf4 Bh5 14. Qh4 Bg6 15. Bg5 d4 16. Bxf6 gxf6 17. Ne4 Kg7 18. Ng3 Qd5 19. f4 f5 20. Nxf5+ Bxf5 21. Qg5+ Kf8 22. Qxf5 Qxf5 23. Bxf5 h6 24. Rad1 Rad8 25. Rfe1 Re7 26. Rxe7 Kxe7 27. Be4 Rd7 28. Kf2 Nd8 29. g4 Ne6 30. Kf3 Nc5 31. Bf5 Rd6 32. h4 Na4 33. b3 Nc3 34. Re1+ Kf6 35. Bd3 Kg7 36. g5 hxg5 37. fxg5 b5 38. h5 Rd5 39. Kg4 Rd8 40. Re7 1-0


[Site "https://www.chess.com"]

[Event "Titled Tuesday Blitz January 17 Late 2023"]
[White "Naroditsky, Daniel"]
[Black "Yuan, Qingyu"]
[WhiteFideId "2026961"]
[BlackFideId "8609772"]
[WhiteElo "2618"]
[BlackElo "2373"]
[Result "1-0"]
[Round "11"]
[TimeControl "180+2"]
[Date "2023.01.17"]
[WhiteClock "0:01:19"]
[BlackClock "0:00:04"]

1. e4 e5 2. Nf3 Nc6 3. Bb5 Nf6 4. O-O Nxe4 5. d4 Nd6 6. Ba4 e4 7. Ne5 Be7 8. Nc3 O-O 9. Re1 f5 10. Bb3+ Kh8 11. Bf4 g5 12. Bc1 Bf6 13. h4 g4 14. Bf4 Bxh4 15. Qd2 Bf6 16. Nd5 Ne7 17. Nxf6 Rxf6 18. Bg5 Qf8 19. c4 Ne8 20. c5 d6 21. cxd6 cxd6 22. Bxf6+ Qxf6 23. Nf7+ Kg7 24. Rac1 h6 25. Qf4 Bd7 26. f3 gxf3 27. gxf3 Qg6+ 28. Kf2 Qh5 29. Rh1 Qxf3+ 30. Qxf3 exf3 31. Rcg1+ Kf8 32. Rxh6 d5 33. Ne5 Bb5 34. Rh8+ Ng8 35. Rgxg8+ Ke7 36. Rh7+ Kf6 37. Rg6# 1-0


[Site "https://www.chess.com"]

[Event "Titled Tuesday Blitz January 17 Late 2023"]
[White "Zhigalko, Sergei"]
[Black "Chigaev, Maksim"]
[WhiteFideId "13502956"]
[BlackFideId "4108116"]
[WhiteElo "2572"]
[BlackElo "2628"]
[Result "0-1"]
[Round "11"]
[TimeControl "180+2"]
[Date "2023.01.17"]
[WhiteClock "0:00:02"]
[BlackClock "0:00:40"]

1. e4 c5 2. Nf3 e6 3. c3 d5 4. e5 d4 5. Bd3 Bd7 6. O-O Bc6 7. Qe2 Ne7 8. Be4 Ng6 9. d3 Be7 10. Re1 Bxe4 11. Qxe4 Nc6 12. g3 dxc3 13. Nxc3 O-O 14. h4 h5 15. Bg5 Bxg5 16. Nxg5 Ncxe5 17. Rad1 Qf6 18. Qxb7 Ng4 19. Nce4 Qf5 20. Rc1 Rab8 21. Qxa7 Rxb2 22. Rxc5 e5 23. Rc7 Nxh4 24. gxh4 Qf4 25. Nh3 Qh2+ 26. Kf1 Qh1+ 0-1


[Site "https://www.chess.com"]

[Event "Titled Tuesday Blitz January 17 Late 2023"]
[White "Eljanov, Pavel"]
[Black "Baskakov, Egor"]
[WhiteFideId "14102951"]
[BlackFideId "24197866"]
[WhiteElo "2705"]
[BlackElo "2215"]
[Result "1-0"]
[Round "11"]
[TimeControl "180+2"]
[Date "2023.01.17"]
[WhiteClock "0:00:39"]
[BlackClock "0:00:24"]

1. d4 Nf6 2. c4 e6 3. Nc3 d5 4. cxd5 Nxd5 5. e4 Nxc3 6. bxc3 b6 7. Nf3 Bb7 8. Bd3 Nd7 9. O-O Be7 10. a4 c5 11. a5 cxd4 12. a6 Bc6 13. cxd4 O-O 14. Bb2 Rc8 15. Qe2 Bd6 16. h4 h6 17. Rad1 Re8 18. Bb1 Ba4 19. Rc1 Qe7 20. e5 Bb8 21. Qe4 Nf8 22. d5 Bb5 23. d6 Qd7 24. Bd3 Ng6 25. g3 Nf8 26. Nd4 Bxd3 27. Qxd3 Rc5 28. Rxc5 bxc5 29. Nb3 Rc8 30. Rc1 Qa4 31. Rxc5 Rd8 32. Nd4 Nd7 33. Rb5 Qxa6 34. Qb3 Nb6 35. Bc3 Qb7 36. Ba5 Qe4 37. Bxb6 axb6 38. Qe3 Qa8 39. Rb1 Qa2 40. Rc1 Rf8 41. Nc6 b5 42. d7 Qd5 43. Ne7+ 1-0


[Site "https://www.chess.com"]

[Event "Titled Tuesday Blitz January 17 Late 2023"]
[White "Quispe Arteaga, Gabriel"]
[Black "Jobava, Baadur"]
[WhiteFideId "32059809"]
[BlackFideId "13601520"]
[WhiteElo "2381"]
[BlackElo "2578"]
[Result "1/2-1/2"]
[Round "11"]
[TimeControl "180+2"]
[Date "2023.01.17"]
[WhiteClock "0:00:08"]
[BlackClock "0:00:02"]

1. c4 g6 2. Nc3 Bg7 3. g3 e5 4. Bg2 Ne7 5. e4 O-O 6. Nge2 d6 7. O-O Nbc6 8. d3 f5 9. f4 Kh8 10. Kh1 Be6 11. Be3 Qd7 12. Qd2 Rf7 13. Nd5 Raf8 14. fxe5 dxe5 15. Bh6 Bxh6 16. Qxh6 Ng8 17. Qe3 Nf6 18. Nxf6 Rxf6 19. Rad1 fxe4 20. Rxf6 Rxf6 21. Bxe4 Bg4 22. Kg1 Bxe2 23. Qxe2 Nd4 24. Qe3 c6 25. Bg2 Qd6 26. Rf1 Kg7 27. Rxf6 Qxf6 28. Be4 a5 29. b3 b5 30. cxb5 cxb5 31. Kg2 b4 32. Qc1 Qd6 33. Qc8 Ne2 34. Qb7+ Kh6 35. Qf7 Nc3 36. h4 Qd8 37. Kh3 Qc8+ 38. g4 Nxe4 39. dxe4 Qc3+ 40. Kg2 Qc2+ 41. Kf3 Qd3+ 42. Kf2 Qd2+ 43. Kf3 Qd1+ 44. Kg3 Qg1+ 45. Kh3 Qe3+ 46. Kh2 Qe2+ 47. Kh3 Qd3+ 48. Kh2 Qc2+ 49. Kh3 Qd3+ 50. Kh2 Qe2+ 51. Kh3 Qe3+ 52. Kh2 Qe2+ 1/2-1/2


[Site "https://www.chess.com"]

[Event "Titled Tuesday Blitz January 17 Late 2023"]
[White "Sanal, Vahap"]
[Black "Hansen, Eric"]
[WhiteFideId "6300545"]
[BlackFideId "2606771"]
[WhiteElo "2600"]
[BlackElo "2609"]
[Result "1-0"]
[Round "11"]
[TimeControl "180+2"]
[Date "2023.01.17"]
[WhiteClock "0:01:07"]
[BlackClock "0:00:01"]

1. Nf3 d5 2. g3 c6 3. Bg2 Bg4 4. O-O Nd7 5. h3 Bh5 6. d4 e6 7. c4 Bd6 8. Nc3 Ngf6 9. cxd5 exd5 10. Nh4 O-O 11. Qb3 Qb6 12. Qxb6 axb6 13. f4 b5 14. g4 b4 15. Nd1 Nxg4 16. hxg4 Bxg4 17. Bf3 f5 18. Ne3 h5 19. Ng6 Rf6 20. Ne5 Nf8 21. Bxg4 hxg4 22. Bd2 Ne6 23. Nc2 Rh6 24. Kg2 Ra4 25. b3 Ra6 26. Bxb4 Bxe5 27. dxe5 c5 28. Bd2 d4 29. Rh1 Rxh1 30. Kxh1 Kf7 31. e3 d3 32. Ne1 Ra8 33. Kg2 g5 34. a4 Rh8 35. Rd1 gxf4 36. exf4 Rh3 37. Bc1 Nd4 38. Rxd3 Rxd3 39. Nxd3 Nxb3 40. Ba3 b6 41. Nb2 Na5 42. Kg3 Ke6 43. Nd1 Nc4 44. Bc1 Kd5 45. Ne3+ Nxe3 46. Bxe3 1-0


[Site "https://www.chess.com"]

[Event "Titled Tuesday Blitz January 17 Late 2023"]
[White "Averjanov, Alexey"]
[Black "Zierk, Steven"]
[WhiteFideId "14109867"]
[BlackFideId "2034255"]
[WhiteElo "2399"]
[BlackElo "2488"]
[Result "0-1"]
[Round "11"]
[TimeControl "180+2"]
[Date "2023.01.17"]
[WhiteClock "0:01:24"]
[BlackClock "0:01:53"]

1. d4 e6 2. c4 f5 3. Nf3 Nf6 4. g3 d5 5. Bg2 Bd6 6. O-O c6 7. b3 Qe7 8. a4 a5 9. Ba3 Bxa3 10. Nxa3 Na6 11. Nc2 b6 12. Nce1 O-O 13. Nd3 Ne4 14. Qc2 Bb7 15. Rac1 c5 16. Qb2 Rac8 17. Rfd1 Rfd8 18. e3 Nb4 19. dxc5 Nxd3 20. Rxd3 Nxc5 21. Rd2 dxc4 22. Rxc4 Rxd2 23. Nxd2 Bxg2 24. Kxg2 Qb7+ 25. Kg1 Rd8 26. Rd4 Rd5 27. Nc4 h6 28. Rxd5 Qxd5 29. Nxb6 Qd1+ 30. Kg2 Nd3 31. Qd4 Qe2 32. e4 Ne1+ 33. Kh3 Qg4# 0-1


[Site "https://www.chess.com"]

[Event "Titled Tuesday Blitz January 17 Late 2023"]
[White "Tari, Aryan"]
[Black "Pasti, Aron"]
[WhiteFideId "1510045"]
[BlackFideId "785857"]
[WhiteElo "2642"]
[BlackElo "2361"]
[Result "1-0"]
[Round "11"]
[TimeControl "180+2"]
[Date "2023.01.17"]
[WhiteClock "0:00:45"]
[BlackClock "0:00:02"]

1. e4 c5 2. Nc3 Nc6 3. f4 g6 4. Nf3 Bg7 5. Bb5 Nd4 6. O-O Nxb5 7. Nxb5 d6 8. d3 e6 9. f5 a6 10. fxe6 Bxe6 11. Nc3 Ne7 12. Qe1 O-O 13. Qh4 Nc6 14. Bg5 Qd7 15. Bf6 Bxf6 16. Qxf6 Qd8 17. Ng5 Qxf6 18. Rxf6 Nd4 19. Raf1 h6 20. Nxe6 Nxe6 21. Nd5 Kg7 22. c3 b5 23. h4 h5 24. Ne7 Rae8 25. Nd5 Rb8 26. a3 a5 27. Ne7 Rbe8 28. Nd5 Rb8 29. R6f2 b4 30. axb4 cxb4 31. cxb4 axb4 32. Ne3 Nc5 33. Rd2 Nb3 34. Rc2 Rbc8 35. Nc4 Rfd8 36. Rcf2 Rc7 37. Rf6 d5 38. Ne5 Re8 39. Nxf7 Rf8 40. Nd6 Rxf6 41. Ne8+ Kh6 42. Rxf6 Rc1+ 43. Kh2 dxe4 44. dxe4 Nd2 45. Rf8 Kh7 46. Rf7+ Kh8 47. Nf6 Nf1+ 48. Kh3 1-0


[Site "https://www.chess.com"]

[Event "Titled Tuesday Blitz January 17 Late 2023"]
[White "Timmermans, Mark"]
[Black "Svane, Frederik"]
[WhiteFideId "1026399"]
[BlackFideId "12923044"]
[WhiteElo "2392"]
[BlackElo "2600"]
[Result "0-1"]
[Round "11"]
[TimeControl "180+2"]
[Date "2023.01.17"]
[WhiteClock "0:01:01"]
[BlackClock "0:00:08"]

1. e4 c5 2. Nf3 d6 3. d4 cxd4 4. Nxd4 Nf6 5. Nc3 a6 6. Rg1 h5 7. Be3 Ng4 8. Bg5 f6 9. h3 Nxf2 10. Qf3 fxg5 11. Qxf2 e6 12. Bc4 Qe7 13. O-O-O g6 14. Nd5 exd5 15. exd5 Bg7 16. Rge1 Be5 17. Rxe5 dxe5 18. d6 Qg7 19. Ne6 Bxe6 20. Bxe6 Nd7 21. Qf3 O-O-O 22. Qc3+ Kb8 23. Qc7+ Ka8 24. Bd5 Rb8 25. Rd3 Rhc8 26. Ra3 Ka7 27. Rxa6+ Kxa6 28. Bc4+ b5 29. Bxb5+ Kxb5 30. a4+ Ka6 0-1


[Site "https://www.chess.com"]

[Event "Titled Tuesday Blitz January 17 Late 2023"]
[White "Reprintsev, Alexander"]
[Black "Remizov, Yaroslav"]
[WhiteFideId "14100541"]
[BlackFideId "34134015"]
[WhiteElo "2253"]
[BlackElo "2421"]
[Result "0-1"]
[Round "11"]
[TimeControl "180+2"]
[Date "2023.01.17"]
[WhiteClock "0:00:04"]
[BlackClock "0:00:43"]

1. e4 c5 2. b3 b6 3. d4 cxd4 4. Qxd4 Nc6 5. Qd2 Nf6 6. Nc3 e6 7. Bb2 Bb4 8. Bd3 O-O 9. a3 Bxc3 10. Qxc3 Bb7 11. O-O-O Rc8 12. Qd2 Na5 13. Kb1 Nxe4 14. Qe1 Nc5 15. Bf1 Nc6 16. Nf3 d5 17. h4 Re8 18. h5 e5 19. h6 g6 20. Bb5 d4 21. Nd2 a6 22. Bc4 b5 23. Be2 Ne7 24. Bf3 Nd5 25. Bxd5 Qxd5 26. f3 d3 27. c4 Qe6 28. b4 Na4 29. Ne4 bxc4 30. Nc3 Bc6 0-1


[Site "https://www.chess.com"]

[Event "Titled Tuesday Blitz January 17 Late 2023"]
[White "Nasuta, Grzegorz"]
[Black "Kleiman, Jake"]
[WhiteFideId "1141686"]
[BlackFideId "2020041"]
[WhiteElo "2552"]
[BlackElo "2399"]
[Result "0-1"]
[Round "11"]
[TimeControl "180+2"]
[Date "2023.01.17"]
[WhiteClock "0:00:34"]
[BlackClock "0:00:35"]

1. e4 e5 2. Nf3 Nc6 3. Bc4 Bc5 4. O-O Nf6 5. d3 O-O 6. h3 d5 7. exd5 Nxd5 8. Re1 Re8 9. Nbd2 Nb6 10. Bb3 Bf5 11. Ne4 Bf8 12. Ng3 Bg6 13. Bg5 Be7 14. Bd2 Bf6 15. a4 a5 16. Ne4 Be7 17. Bc3 Bf8 18. Ng3 Bd6 19. h4 h6 20. h5 Bh7 21. Qd2 Qf6 22. Re2 Nd4 23. Nxd4 exd4 24. Bxa5 Bf4 25. Qe1 Rxe2 26. Nxe2 Bd6 27. Bxb6 cxb6 28. Ng3 Qh4 29. Qe2 Kf8 30. Qf3 Qe7 31. Nf5 Bxf5 32. Qxf5 Re8 33. Qh7 Qe1+ 0-1


[Site "https://www.chess.com"]

[Event "Titled Tuesday Blitz January 17 Late 2023"]
[White "Nazari, Arad"]
[Black "Rosen, Eric"]
[WhiteFideId "12577324"]
[BlackFideId "2032562"]
[WhiteElo "2367"]
[BlackElo "2349"]
[Result "1-0"]
[Round "11"]
[TimeControl "180+2"]
[Date "2023.01.17"]
[WhiteClock "0:00:06"]
[BlackClock "0:00:02"]

1. e4 c5 2. Nf3 e6 3. b3 b6 4. d4 cxd4 5. Nxd4 Bb7 6. Nd2 a6 7. Bb2 Qc7 8. Bd3 Ne7 9. O-O Ng6 10. c4 Bd6 11. g3 h5 12. N4f3 h4 13. Kg2 Nc6 14. Bxg7 Rg8 15. Bh6 Bf4 16. Bg5 Bxg5 17. Nxg5 Nf4+ 18. gxf4 Qxf4 19. Nf3 f6 20. Qc1 fxg5 21. Qxf4 gxf4+ 22. Kh3 Ke7 23. Rg1 d6 24. Rxg8 Rxg8 25. Rg1 Rh8 26. Rg7+ Kf6 27. Rxb7 b5 28. cxb5 axb5 29. Rxb5 Rg8 30. Rh5 Nb4 31. Bc4 Rc8 32. Rh6+ Kg7 33. Rxe6 Nxa2 34. Rxd6 Nc3 35. Re6 Nd1 36. Kg2 h3+ 37. Kf1 Ra8 38. Ng5 Ra1 39. Ke2 Nc3+ 40. Kf3 Rh1 41. Nxh3 Rxh2 42. Nxf4 Nd1 43. Re7+ Kf8 44. Ng6# 1-0


[Site "https://www.chess.com"]

[Event "Titled Tuesday Blitz January 17 Late 2023"]
[White "Nefedov, Sergey"]
[Black "Iliaguev, Nisim"]
[WhiteFideId "24113417"]
[BlackFideId "2817276"]
[WhiteElo "2300"]
[BlackElo "2402"]
[Result "1-0"]
[Round "11"]
[TimeControl "180+2"]
[Date "2023.01.17"]
[WhiteClock "0:00:23"]
[BlackClock "0:00:15"]

1. d4 Nf6 2. Nf3 c5 3. c3 cxd4 4. cxd4 d5 5. Nc3 Nc6 6. Bf4 a6 7. e3 e6 8. Bd3 Bd6 9. Bg3 O-O 10. O-O Re8 11. Rc1 e5 12. dxe5 Nxe5 13. Nxe5 Bxe5 14. Qb3 Bxg3 15. hxg3 b5 16. Rfd1 Be6 17. Qb4 a5 18. Qd4 b4 19. Na4 Qd6 20. Rc2 h5 21. Rdc1 Bd7 22. Nb6 Rad8 23. Nxd7 Qxd7 24. Rc5 Qa4 25. Bb5 Qxa2 26. Bxe8 Rxe8 27. f3 Qb3 28. Kf2 a4 29. Rc8 Rxc8 30. Rxc8+ Kh7 31. Rc1 a3 32. bxa3 bxa3 33. Qd2 g6 34. Ra1 Nd7 35. Qa2 Qd3 36. Qxa3 Qd2+ 37. Kg1 Ne5 38. Qc1 Qe2 39. Qe1 Qc2 40. Rd1 Qa2 41. Qd2 Nc4 42. Qxa2 1-0


[Site "https://www.chess.com"]